Map: Mur doré EC

Players

Denver - Winner!

  • Race: Zerg Zerg
  • League: Master
  • Spawn Location: 5:00

Kas

  • Race: Terran Terran
  • League: Grandmaster
  • Spawn Location: 7:00

Event: DreamHack SC2 Masters 2020 Summer Europe

VOD

Have the link to the VOD?

Description

Time

  • Played on: July 5, 2020, 12:34 p.m.
  • Length: 14:48

All games in this series

Show
View Real Time Build Order
Export as new Build Order

Denver Zerg - Winner!

Build Orders: Hatch First, Muta Ling Bane 

Get SALT Encoding   

  12  0:00  Drone  
  13  0:13  Overlord  
  13  0:18  Drone  
  14  0:32  Drone x2  
  16  0:49  Hatchery  
  15  0:53  Drone  
  16  0:57  Drone  
  16  1:00  Drone  
  18  1:11  Extractor  
  17  1:18  Spawning Pool  
  16  1:22  Drone  
  16  1:25  Drone  
  18  1:31  Drone  
  19  1:41  Drone  
  20  1:53  Drone  
  21  2:04  Queen x2  
  21  2:05  Zergling x4  
  27  2:12  Overlord  
  27  2:15  Metabolic Boost  
  27  2:19  Drone  
  28  2:34  Drone  
  29  2:43  Hatchery, Drone  
  28  2:47  Drone  
  28  2:48  Drone  
  28  2:50  Drone  
  31  2:57  Overlord  
  31  2:59  Drone  
  31  3:04  Drone  
  33  3:08  Spore Crawler  
  33  3:09  Drone  
  33  3:12  Queen  
  34  3:16  Drone  
  34  3:19  Drone x2  
  39  3:23  Overlord  
  39  3:27  Drone  
  39  3:28  Drone  
  39  3:33  Drone  
  42  3:38  Queen  
  44  3:41  Overlord  
  44  3:45  Drone  
  45  3:51  Overlord  
  45  3:52  Drone x4  
  49  3:55  Overlord  
  49  4:02  Queen  
  51  4:05  Spore Crawler  
  51  4:07  Zergling x4  
  52  4:11  Baneling Nest  
  52  4:15  Drone x2  
  53  4:18  Zergling x4  
  53  4:22  Zergling x6  
  58  4:27  Queen  
  58  4:30  Zergling x4  
  62  4:32  Drone  
  62  4:34  Drone  
  62  4:37  Overlord  
  64  4:40  Drone x2  
  64  4:42  Drone  
  64  4:45  Overlord  
  67  4:49  Drone  
  67  4:50  Drone x2  
  70  4:54  Overlord  
  70  5:03  Lair, Drone  
  69  5:07  Drone x5, Extractor x2  
  69  5:08  Drone  
  73  5:15  Drone x3  
  73  5:17  Overlord  
  73  5:18  Drone  
  73  5:19  Drone  
  78  5:23  Drone x2  
  78  5:24  Drone  
  78  5:26  Evolution Chamber  
  80  5:29  Evolution Chamber  
  80  5:31  Queen  
  78  5:39  Drone x6  
  78  5:41  Overlord  
  83  5:51  Overlord  
  83  5:52  Overlord  
  78  5:58  Drone x3  
  78  5:59  Overlord  
  78  6:00  Overlord  
  80  6:04  Zerg Melee Weapons Level 1, Zerg Ground Armor Level 1  
  80  6:11  Drone x3  
  80  6:12  Drone x2  
  85  6:19  Overlord  
  85  6:22  Drone x4  
  85  6:24  Centrifical Hooks  
  89  6:26  Hatchery  
  89  6:27  Extractor  
  89  6:28  Extractor  
  89  6:32  Zergling x8  
  90  6:37  Extractor  
  89  6:40  Drone x2  
  89  6:43  Zergling x8  
  95  6:48  Baneling x2  
  95  6:49  Spire  
  95  6:53  Zergling x4  
  96  6:57  Zergling x8  
  96  7:01  Zergling x4  
  101  7:05  Baneling x9  
  101  7:08  Zergling x10  
  104  7:12  Drone x3  
  109  7:17  Drone  
  109  7:21  Zergling x2  
  109  7:22  Drone  
  112  7:26  Drone x4  
  116  7:31  Zergling x6  
  116  7:35  Overlord  
  119  7:38  Spore Crawler  
  119  7:40  Spore Crawler  
  119  7:42  Zergling x2  
  119  7:43  Zergling x10, Baneling  
  119  7:44  Baneling x6  
  122  7:48  Drone x2  
  116  7:53  Overlord x2  
  116  7:56  Extractor  
  115  7:58  Drone x3  
  115  8:00  Overlord x2  
  115  8:01  Pneumatized Carapace  
  115  8:03  Mutalisk x5  
  128  8:06  Zerg Flyer Weapons Level 1  
  128  8:08  Drone x3  
  131  8:13  Zerg Ground Armor Level 2  
  131  8:15  Zergling x4  
  131  8:17  Drone x2  
  135  8:23  Zerg Melee Weapons Level 2  
  135  8:25  Zergling x10  
  140  8:30  Baneling x5  
  140  8:35  Zergling x4  
  140  8:36  Baneling x4  
  140  8:39  Zergling x6  
  145  8:42  Baneling x5  
  145  8:44  Hatchery  
  145  8:45  Drone  
  145  8:46  Drone x4  
  145  8:48  Mutalisk  
  149  8:54  Mutalisk  
  153  8:55  Overlord x3  
  153  8:59  Overlord x2  
  153  9:01  Mutalisk  
  155  9:04  Mutalisk  
  155  9:05  Zergling x2  
  155  9:06  Zergling x6  
  155  9:09  Overseer  
  161  9:10  Overseer  
  161  9:11  Baneling  
  161  9:12  Baneling x2  
  161  9:15  Zergling x14  
  168  9:18  Mutalisk  
  168  9:22  Mutalisk  
  172  9:27  Zergling x16  
  180  9:33  Mutalisk x2  
  180  9:34  Overlord  
  184  9:41  Zergling x20  
  184  9:44  Mutalisk  
  194  9:49  Overlord  
  194  9:52  Mutalisk x2  
  196  9:55  Baneling x5  
  197  10:01  Baneling x4  
  197  10:07  Infestation Pit  
  197  10:08  Extractor  
  193  10:17  Baneling  
  192  10:22  Baneling  
  192  10:23  Baneling  
  192  10:25  Zergling x20  
  192  10:28  Baneling x8  
  197  10:35  Baneling x4  
  187  10:36  Zergling x24  
  184  10:43  Zergling x12  
  184  10:45  Baneling x11  
  184  10:49  Zergling x10  
  168  10:54  Zergling x2  
  168  10:55  Zergling x4  
  168  10:56  Baneling x5  
  160  10:58  Zergling x10  
  160  11:01  Baneling x4  
  160  11:02  Baneling  
  160  11:03  Zergling x2  
  163  11:05  Zergling x2  
  163  11:07  Queen  
  163  11:08  Queen  
  157  11:13  Mutalisk  
  157  11:15  Zergling x4  
  157  11:16  Baneling x4  
  148  11:20  Zergling x2  
  148  11:21  Zergling x4  
  148  11:25  Zergling x12  
  134  11:37  Zergling x8  
  114  11:41  Zergling x8  
  114  11:42  Queen x2  
  109  11:47  Mutalisk  
  109  11:48  Mutalisk x3  
  109  11:50  Queen  
  111  11:54  Zergling x2  
  111  11:55  Zergling x10  
  111  11:58  Baneling  
  111  11:59  Baneling x5  
  116  12:04  Zergling x4  
  116  12:07  Zergling x4  
  120  12:09  Baneling x7  
  120  12:14  Zergling x2  
  120  12:15  Hatchery, Zergling x2  
  121  12:17  Mutalisk  
  121  12:19  Baneling  
  121  12:20  Baneling x2  
  121  12:22  Zergling x6  
  126  12:23  Zergling x6  
  126  12:25  Baneling x3  
  126  12:26  Extractor  
  126  12:29  Zergling x10  
  133  12:36  Mutalisk x2  
  131  12:40  Zergling x4  
  137  12:45  Zergling x2  
  137  12:46  Zergling x10  
  139  12:52  Zergling x8  
  139  12:58  Mutalisk x3  
  143  13:03  Zergling x2  
  143  13:04  Baneling x5  
  143  13:05  Queen  
  152  13:10  Zergling x2  
  152  13:11  Zergling x4  
  152  13:12  Baneling x5  
  153  13:15  Hatchery  
  153  13:17  Zergling x4  
  153  13:27  Zergling x12  
  153  13:30  Mutalisk  
  161  13:42  Zergling x12  
  161  13:45  Baneling x8  
  166  13:51  Zergling x8  
  170  13:56  Mutalisk  
  170  13:57  Mutalisk  
  170  13:59  Baneling x3  
  174  14:09  Baneling x12  
  164  14:13  Zergling x2  
  164  14:14  Zergling x4  
  153  14:21  Zergling x12  
  140  14:30  Zergling x12  
Show
View Real Time Build Order
Export as new Build Order

Kas Terran 

Build Orders: Hellion Opening, Liberator Opening, Reaper Expand 

Get SALT Encoding   

  12  0:01  SCV  
  13  0:13  SCV  
  14  0:17  Supply Depot  
  14  0:25  SCV  
  15  0:39  SCV, Barracks  
  16  0:44  Refinery  
  16  0:51  SCV  
  17  1:03  SCV  
  18  1:15  SCV  
  19  1:27  Reaper, Orbital Command  
  20  1:40  Command Center  
  20  1:53  SCV  
  21  1:56  Supply Depot  
  21  1:59  Marine  
  22  2:05  SCV  
  23  2:09  Factory  
  23  2:14  Refinery  
  23  2:18  SCV  
  23  2:21  Barracks Reactor  
  24  2:30  SCV  
  25  2:42  SCV  
  26  2:54  SCV, Starport  
  26  2:55  Orbital Command  
  27  3:01  Hellion x2  
  31  3:06  SCV  
  31  3:11  Marine  
  33  3:18  SCV  
  34  3:22  SCV  
  34  3:25  Hellion x2  
  34  3:27  Supply Depot  
  39  3:30  SCV  
  39  3:33  Viking  
  42  3:37  SCV, Barracks Tech Lab  
  42  3:43  SCV  
  42  3:46  Hellion  
  45  3:49  SCV  
  45  3:50  Hellion  
  45  3:55  Supply Depot  
  48  3:56  SCV  
  48  4:01  SCV  
  50  4:06  Liberator  
  50  4:08  SCV  
  54  4:16  SCV  
  55  4:17  Command Center  
  55  4:20  Stimpack  
  55  4:22  SCV  
  56  4:25  Supply Depot  
  56  4:30  SCV  
  57  4:31  Marine  
  58  4:40  Barracks  
  58  4:41  Barracks  
  58  4:42  SCV  
  58  4:43  Factory Tech Lab  
  59  4:46  SCV  
  59  4:49  Engineering Bay  
  59  4:50  Engineering Bay  
  59  4:52  Starport Reactor  
  60  4:54  Marine  
  61  5:05  SCV x2  
  61  5:11  Siege Tank  
  61  5:12  Marine  
  61  5:13  Refinery  
  61  5:14  Refinery  
  65  5:17  SCV x2  
  65  5:18  Terran Infantry Weapons Level 1  
  65  5:19  Terran Infantry Armor Level 1  
  67  5:29  SCV x2, Marine x3  
  67  5:32  Orbital Command  
  72  5:36  Starport Reactor  
  72  5:40  Marine x2  
  72  5:41  SCV x2  
  76  5:47  Marine x2  
  76  5:49  Marine  
  79  5:53  SCV  
  79  5:55  Siege Tank  
  79  5:56  Orbital Command  
  83  5:57  SCV  
  83  5:58  Marine  
  83  6:00  Combat Shield  
  83  6:02  Supply Depot  
  83  6:03  Marine  
  83  6:07  SCV, Supply Depot  
  83  6:09  Marine  
  81  6:12  Marine x2  
  81  6:16  Medivac  
  85  6:19  Barracks x2  
  85  6:23  SCV x3, Medivac  
  85  6:24  Marine  
  85  6:25  Marine  
  92  6:31  Supply Depot  
  92  6:32  Supply Depot  
  92  6:33  Supply Depot, Marine  
  92  6:34  Marine  
  92  6:38  Armory  
  94  6:40  SCV  
  94  6:42  SCV x2  
  94  6:43  Marine x2  
  99  6:47  Supply Depot  
  99  6:52  SCV, Marine x2  
  102  6:54  Marine  
  102  6:55  SCV, Orbital Command  
  102  6:59  Medivac x2  
  102  7:00  Marine  
  109  7:05  Marine  
  109  7:07  SCV, Barracks Reactor  
  109  7:08  Barracks Reactor  
  111  7:09  Factory  
  111  7:11  Supply Depot  
  111  7:12  Marine x2  
  111  7:15  SCV  
  114  7:19  SCV  
  114  7:21  SCV  
  116  7:23  Missile Turret, Refinery, Marine x2  
  116  7:25  Missile Turret  
  118  7:31  Terran Infantry Armor Level 2, Terran Infantry Weapons Level 2  
  118  7:32  Marine x2  
  120  7:40  Supply Depot, Marine  
  120  7:41  Marine x2  
  118  7:52  Marine x2  
  118  7:54  Thor  
  118  7:56  Drilling Claws  
  118  7:57  Factory Reactor  
  127  8:00  Missile Turret  
  126  8:07  Marauder, Marine x2  
  126  8:08  Marine x2, Barracks Tech Lab  
  126  8:09  Widow Mine x2  
  126  8:11  Command Center  
  136  8:14  Marine x2  
  136  8:16  Supply Depot  
  136  8:17  Concussive Shells, Missile Turret  
  138  8:22  Supply Depot  
  138  8:25  Marine  
  139  8:28  Marine x2  
  139  8:29  Marauder x2  
  139  8:32  Widow Mine  
  139  8:33  Widow Mine  
  149  8:39  Supply Depot  
  149  8:40  Supply Depot x2  
  149  8:44  Thor  
  155  8:51  Marauder x2, Marine x4  
  155  8:55  Marine x2  
  163  8:59  Widow Mine  
  163  9:01  Widow Mine  
  167  9:07  Supply Depot  
  167  9:08  Marine  
  167  9:09  Marine x3  
  171  9:12  Marauder x2  
  171  9:13  Marine x2  
  177  9:22  Widow Mine  
  179  9:26  Marine x2  
  179  9:27  Marine x2, Barracks  
  179  9:28  Barracks  
  179  9:31  Marine x2  
  184  9:34  Marauder x2  
  189  9:52  Marine x4  
  193  9:54  Marine x2  
  193  9:55  Marauder x2  
  193  9:59  Planetary Fortress  
  199  10:00  Missile Turret  
  199  10:01  Missile Turret x2  
  199  10:09  Marine  
  199  10:10  Terran Infantry Weapons Level 3  
  198  10:26  Marauder, Marine x2  
  141  10:52  Marauder x2, Marine x5  
  141  10:53  Marine  
  141  10:54  Thor  
  141  10:55  Widow Mine x2  
  149  11:04  SCV  
  149  11:06  Marine x2  
  149  11:10  Marine x5  
  150  11:13  Marauder  
  150  11:16  Marine  
  149  11:20  Marine  
  149  11:24  Marine  
  151  11:26  Marine  
  151  11:27  Marine  
  151  11:28  Marine  
  99  11:46  Marauder  
  85  11:50  Marine x6  
  85  11:53  SCV  
  84  11:56  Marine  
  84  11:59  Marine  
  85  12:02  Marine  
  86  12:09  Marine  
  86  12:13  Marine x2  
  86  12:14  Marine  
  86  12:16  Marine x3  
  86  12:19  Medivac  
  91  12:26  Marauder  
  92  12:39  Marauder  
  92  12:40  Marine  
  92  12:41  Marine x5  
  92  12:42  Marine x2  
  102  12:48  Marauder  
  108  12:51  Widow Mine x2  
  108  12:57  Marine  
  109  12:59  Marine x5  
  109  13:00  Marine x3  
  117  13:09  Marine, Widow Mine  
  119  13:12  Widow Mine  
  119  13:15  SCV x2, Marine  
  119  13:16  Marine  
  119  13:17  Marine x4  
  119  13:18  Marine x3  
  129  13:26  Marine  
  129  13:33  Marine  
  129  13:34  Marine x2  
  129  13:35  Marine  
  131  13:42  Marine x4  
  124  14:13  Marauder x2, Marine x5  
  61  14:26  Marine x3  
Tags
 
Add a new tag
Caveats
  • Supply blocks, unpowered buildings, or Contaminate may cause inaccurate times.
  • Supply counts are checked every 10 seconds.